 Dungeon Crawl Stone Soup version 0.28.0-53-g5a82cb258f (webtiles) character file.

Game seed: 13324419349339734628

1235 Peloso the Slasher (level 8, -5/69 HPs)
             Began as a Minotaur Fighter on June 30, 2022.
             Was an Initiate of Okawaru.
             Slain by a scorpion (7 damage)
             ... on level 5 of the Dungeon.
             The game lasted 00:06:34 (5602 turns).

Peloso the Slasher (Minotaur Fighter)               Turns: 5602, Time: 00:06:35

Health: -5/69      AC: 12    Str: 20    XL:     8   Next: 24%
Magic:  7/7        EV:  8    Int:  5    God:    Okawaru [......]
Gold:   196        SH:  5    Dex: 13    Spells: 7/7 levels left

rFire   . . .      SeeInvis .   a - +0 long sword
rCold   . . .      Faith    .   c - +0 buckler
rNeg    . . .      Spirit   .   v - +0 chain mail
rPois   .          Reflect  .   (helmet restricted)
rElec   .          Harm     .   (no cloak)
rCorr   +          Rampage  .   f - +0 pair of gloves
Will    .....                   (no boots)
Stlth   ..........              (no amulet)
HPRegen 0.21/turn               i - ring of resist corrosion
MPRegen 0.10/turn               (no ring)

@: brilliant, lethally poisoned (-5 -> -10)
A: horns 2, retaliatory headbutt
a: Renounce Religion


You were on level 5 of the Dungeon.
You worshipped Okawaru.
Okawaru was noncommittal.
You visited 2 branches of the dungeon, and saw 7 of its levels.

You collected 245 gold pieces.
You spent 49 gold pieces at shops.

Inventory:

Hand Weapons
 a - a +0 long sword (weapon)
Armour
 b - a +0 scale mail
 c - a +0 buckler (worn)
 f - a +0 pair of gloves (worn)
 v - a +0 chain mail (worn)
Jewellery
 i - a ring of resist corrosion (left hand)
 s - an amulet of faith
Wands
 u - a wand of polymorph (11)
Scrolls
 g - 4 scrolls of enchant armour {unknown}
 j - a scroll of amnesia {unknown}
 k - 2 scrolls of enchant weapon {unknown}
 l - 2 scrolls of identify {unknown}
 m - 2 scrolls of magic mapping
 n - a scroll of teleportation {unknown}
 p - a scroll of holy word {unknown}
 q - 2 scrolls of blinking {unknown}
Potions
 d - a potion of might
 e - a potion of heal wounds {unknown}
 h - 3 potions of brilliance
 o - a potion of curing
 r - a potion of degeneration {unknown}
 t - a potion of lignification {unknown}


   Skills:
 + Level 5.4 Fighting
 + Level 7.6 Long Blades
 + Level 7.5 Armour
 + Level 2.2 Dodging
 + Level 0.1 Stealth
 + Level 5.7 Shields


You had 7 spell levels left.
You didn't know any spells.
Your spell library contained the following spells:

 Spells                   Type           Power      Damage    Failure   Level
 Anguish                  Hex/Necr       0%         N/A       100%        4
 Enfeeble                 Hex            0%         N/A       100%        7
 Summon Small Mammal      Summ           Unusable   N/A       N/A         1
 Call Canine Familiar     Summ           Unusable   N/A       N/A         3
 Summon Guardian Golem    Hex/Summ       Unusable   N/A       N/A         3
 Tukima's Dance           Hex            Unusable   N/A       N/A         3

Dungeon Overview and Level Annotations

Branches:
Dungeon (6/15)             Temple (1/1) D:5

Altars:
Ashenzari
Cheibriados
Hepliaklqana
Makhleb
Okawaru
Qazlal
Sif Muna
Trog
Vehumet
Wu Jian
Yredelemnul
The Shining One

Shops:
D:2 *   D:6 **

Annotations:
D:2 1 runed translucent door, Crazy Yiuf


Innate Abilities, Weirdness & Mutations

You have a pair of horns on your head.
You reflexively headbutt those who attack you in melee.


Message History

The scorpion stings you.
* * * LOW HITPOINT WARNING * * *
You are poisoned.
The scorpion poisons you!
You feel sick.
You feel sick.
You feel sick.
You feel sick.
You feel sick.
It was a potion of brilliance.
You feel clever all of a sudden.
You feel sick. You block the scorpion's attack.
The scorpion stings you but does no damage.
It was a potion of curing.
You feel better.
The scorpion stings you but does no damage.
You barely miss the scorpion. You headbutt the scorpion!
The scorpion is heavily wounded.
The scorpion stings you but does no damage.
You completely miss the scorpion. Your headbutt misses the scorpion.
The scorpion is heavily wounded.
The scorpion stings you.
* * * LOW HITPOINT WARNING * * *
You are lethally poisoned!
The scorpion poisons you!
You hit the scorpion but do no damage.
The scorpion is heavily wounded.
* * * LOW HITPOINT WARNING * * *
You feel very sick. The scorpion barely misses you.
The scorpion stings you but does no damage.
You closely miss the scorpion.
The scorpion is heavily wounded.
* * * LOW HITPOINT WARNING * * *
You feel sick.
The scorpion stings you but does no damage.
You closely miss the scorpion. Your headbutt misses the scorpion.
The scorpion is heavily wounded.
* * * LOW HITPOINT WARNING * * *
You feel sick. The scorpion stings you!
You die...

### #
#.# #
#.# ###
####.#
#@#
.##..#
##s#
..#..#
##.o#
.....#
##...#
.....#
###....#
...).#
#....###
.....#
#...##
.....#
#.>##
###..#
#..#


You could see a scorpion and an orc.

Vanquished Creatures
  A water moccasin (D:5)
  A sky beast (D:5)
  2 necrophages (D:4)
  A hornet zombie (D:4)
  2 ogres
  A water moccasin zombie (D:5)
  A wyvern skeleton (D:5)
  A water moccasin skeleton (D:4)
  A howler monkey (D:4)
  A crimson imp (D:3)
  A bullfrog skeleton (D:6)
  An orc priest (D:5)
  A jelly (D:6)
  Natasha (thrice) (D:2)
  2 iguanas
  A hound skeleton (D:5)
  A hound zombie (D:5)
  A gnoll (D:1)
  4 adders
  A white imp (D:6)
  An ufetubus (D:5)
  2 worms
  3 dart slugs (D:1)
  8 orcs
  6 ball pythons
  3 bats
  An endoplasm (D:1)
  2 giant cockroaches
  6 goblins
  7 hobgoblins
  7 jackals
  2 quokkas (D:1)
  2 frilled lizards (D:1)
  4 kobolds
  12 rats
94 creatures vanquished.

Notes
Turn   | Place    | Note
-------+----------+-------------------------------------------
     0 | D:1      | Peloso the Minotaur Fighter began the quest for the Orb.
     0 | D:1      | Reached XP level 1. HP: 19/19 MP: 0/0
   108 | D:1      | Reached XP level 2. HP: 19/27 MP: 1/1
   259 | D:1      | Found a faded altar of an unknown god.
   391 | D:1      | Reached XP level 3. HP: 30/33 MP: 2/2
  1008 | D:2      | Noticed Natasha
  1013 | D:2      | Killed Natasha
  1014 | D:2      | Reached XP level 4. HP: 40/40 MP: 3/3
  1042 | D:2      | Found Rid Ohonob's General Store.
  1055 | D:2      | Bought a scroll of magic mapping for 49 gold pieces
  1310 | D:2      | Noticed Natasha
  1318 | D:2      | Killed Natasha
  1522 | D:2      | Noticed Natasha
  1528 | D:2      | Killed Natasha
  1553 | D:2      | Found a runed translucent door.
  1554 | D:2      | Noticed Crazy Yiuf
  1587 | D:2      | Reached XP level 5. HP: 43/46 MP: 4/4
  2385 | D:3      | Reached skill level 5 in Armour
  2385 | D:3      | Reached skill level 1 in Dodging
  2617 | D:3      | Found a radiant altar of Vehumet.
  2618 | D:3      | Found a burning altar of Makhleb.
  2767 | D:4      | Noticed a necrophage
  2777 | D:4      | Killed a necrophage
  2778 | D:4      | Reached skill level 5 in Long Blades
  2778 | D:4      | Reached skill level 5 in Shields
  2778 | D:4      | Reached XP level 6. HP: 17/53 MP: 5/5
  3669 | D:4      | Reached XP level 7. HP: 60/60 MP: 6/6
  4008 | D:4      | Identified the +6 short sword "Ineejin" {freeze, Fragile
                  | rPois Int+3 SInv}
  4027 | D:5      | Entered Level 5 of the Dungeon
  4041 | D:5      | Reached skill level 5 in Fighting
  4462 | D:5      | Reached XP level 8. HP: 68/68 MP: 7/7
  4759 | D:5      | Found a staircase to the Ecumenical Temple.
  4780 | Temple   | Entered the Ecumenical Temple
  4915 | Temple   | Became a worshipper of Warmaster Okawaru
  5475 | D:6      | Found Ruocup's Neck Hole.
  5570 | D:6      | Found Zin's Purification Station.
  5602 | D:5      | HP: 2/69 [poisoned by a scorpion]
  5602 | D:5      | Slain by a scorpion

Illustrated notes

Levels and vault maps discovered:
D:1:      wheals_arrival_linesprint, layout_loops_cross,
          dreamdust_ecumenical_altar_statues
D:2:      layout_basic, serial_shops, nicolae_shop_stone,
          uniq_crazy_yiuf_cottage, uniq_natasha
D:3:      layout_basic, grunt_temple_overflow_lords_of_destruction,
          dk_noncrumbling_4
D:4:      layout_gridville
D:5:      layout_layer_cave, minmay_temple_entry_sparse_star,
          grunt_decor_clamped
D:6:      layout_cave_pools, zin_purify, nrook_campfire,
          nicolae_shop_sticking_my_neck_out, uniq_maggie
Temple:   regret_index_temple_generic_petals

Skill      XL: |  1  2  3  4  5  6  7 |
---------------+----------------------+-----
Armour         | 4 5 6 7 |  7.5
Shields        | 4 5 |  5.7
Fighting       | 4 5 |  5.4
Long Blades    | 3 5 7 |  7.6
Dodging        | 1 2 |  2.2
Stealth        | |  0.1

Action                   |  1- 3 |  4- 6 |  7- 9 || total
-------------------------+-------+-------+-------++-------
Melee: Long sword        |    73 |   104 |    91 ||   268
       Headbutt          |    11 |    20 |    24 ||    55
  Use: Scroll            |     1 |       |       ||     1
       Potion            |       |       |     2 ||     2
Armor: Scale mail        |    39 |    41 |    27 ||   107
       Chain mail        |       |       |    20 ||    20
Dodge: Dodged            |    33 |    44 |    58 ||   135
Block: Buckler           |    18 |    27 |    28 ||    73
